General information
- name: BNet
- type: Ladder 1vs1/FFA
- host: Battle.net
- saver: GreedoftheNoob
map: TerenasStand
- players: 2
- length: 29:47
- speed: Fast
- version: 1.21 W3XP
- replay type: Public
» download(107 KB)
Players
team 1 (loser)

»
omt (
orange | 106 APM | 3163 actions | 29:46)
6 Archmage
3 Summon Water Elemental
3 Brilliance Aura
4 Mountain King
2 Thunder Clap
2 Storm Bolt
» actions
| Assign group hotkey | 70 | |
| Basic commands | 39 | |
| Build / train | 98 | |
| Enter build submenu | 22 | |
| Enter hero's abilities submenu | 12 | |
| Give item / drop item | 4 | |
| Remove unit from queue | 2 | |
| Right click | 1425 | |
| Select / deselect | 498 | |
| Select group hotkey | 845 | |
| Use ability | 147 | |
3163 total
» units
| Peasant | 13 | |
| Footman | 10 | |
| Rifleman | 3 | |
| Sorceress | 2 | |
| Spell Breaker | 8 | |
| Priest | 4 | |
| Mortar Team | 9 | |
49 total
» upgrades
» buildings
| Altar of Kings | 1 | |
| Barracks | 1 | |
| Farm | 12 | |
| Scout Tower | 1 | |
| Arcane Tower | 1 | |
| Keep | 4 | |
| Lumber Mill | 1 | |
| Blacksmith | 1 | |
| Arcane Vault | 2 | |
| Arcane Sanctum | 2 | |
| Workshop | 1 | |
27 total
» build order
00:07 Altar of Kings
00:20 Barracks
00:35 Farm
00:51 Farm
01:31 Scout Tower
01:49 Farm
02:05 Arcane Tower
03:17 Keep
03:18 Keep
03:18 Keep
03:27 Farm
03:38 Lumber Mill
04:05 Blacksmith
04:13 Arcane Vault
04:27 Farm
05:23 Arcane Vault
05:44 Arcane Sanctum
06:18 Farm
06:35 Arcane Sanctum
08:07 Workshop
08:55 Farm
08:55 Farm
10:43 Farm
15:22 Farm
15:23 Farm
» items
| Scroll of Regeneration | 2 | |
| Lesser Clarity Potion | 8 | |
| Potion of Healing | 9 | |
| Scroll of Town Portal | 1 | |
20 total
team 2 (winner)
GreedoftheNoob (
pink | 81 APM | 2405 actions | 29:47)
6 Archmage
3 Summon Water Elemental
3 Brilliance Aura
4 Mountain King
2 Storm Bolt
2 Bash
» actions
| Assign group hotkey | 46 | |
| Basic commands | 122 | |
| Build / train | 97 | |
| ESC pressed | 3 | |
| Enter build submenu | 28 | |
| Enter hero's abilities submenu | 10 | |
| Give item / drop item | 2 | |
| Remove unit from queue | 2 | |
| Right click | 970 | |
| Select / deselect | 791 | |
| Select group hotkey | 175 | |
| Use ability | 158 | |
2405 total
» units
| Peasant | 17 | |
| Footman | 9 | |
| Forest Troll Shadow Priest | 1 | |
| Spell Breaker | 14 | |
| Priest | 9 | |
| Knight | 5 | |
55 total
» upgrades
| Swords | 1 | |
| Priest Training | 2 | |
| Animal War Training | 1 | |
| Lumber Harvesting | 1 | |
| Control Magic | 1 | |
6 total
» buildings
| Altar of Kings | 1 | |
| Farm | 9 | |
| Barracks | 1 | |
| Scout Tower | 2 | |
| Arcane Tower | 3 | |
| Keep | 1 | |
| Blacksmith | 1 | |
| Arcane Vault | 3 | |
| Lumber Mill | 1 | |
| Arcane Sanctum | 3 | |
| Guard Tower | 4 | |
| Castle | 1 | |
| Town Hall | 1 | |
31 total
» build order
00:09 Altar of Kings
00:18 Farm
00:21 Farm
00:34 Barracks
01:40 Scout Tower
01:55 Farm
02:11 Arcane Tower
03:32 Farm
04:12 Keep
04:24 Farm
04:56 Farm
05:22 Farm
05:50 Blacksmith
05:53 Arcane Vault
05:55 Lumber Mill
07:10 Arcane Vault
07:16 Arcane Sanctum
07:35 Arcane Vault
08:11 Arcane Sanctum
08:20 Arcane Sanctum
12:26 Guard Tower
12:31 Arcane Tower
13:44 Castle
15:58 Farm
18:19 Town Hall
18:26 Scout Tower
18:35 Guard Tower
18:44 Guard Tower
18:51 Guard Tower
18:57 Arcane Tower
22:56 Farm
» items
| Scroll of Regeneration | 2 | |
| Ivory Tower | 5 | |
7 total
Chat log
(00:27 / All) GreedoftheNoob: gl hjf
(00:41 / All) omt: U2